Map: Blackpink РВ

Players

Sayonara - Winner!

  • Race: Terran Terran
  • League: Silver
  • Spawn Location: 1:00

Эвангелос

  • Race: Protoss Protoss
  • Spawn Location: 7:00

VOD

Have the link to the VOD?

Description

Time

  • Played on: Feb. 19, 2018, 10:15 p.m.
  • Length: 15:41
Show
View Real Time Build Order
Export as new Build Order

Sayonara Terran - Winner!

Build Orders: MMM Bio 

Get SALT Encoding   

  12  0:00  SCV  
  13  0:13  SCV  
  14  0:23  Supply Depot  
  14  0:25  SCV  
  15  0:45  SCV  
  15  0:46  Barracks  
  16  0:55  Refinery  
  16  0:57  SCV  
  17  1:09  SCV  
  18  1:21  SCV  
  19  1:33  SCV  
  19  1:37  Marine  
  22  1:49  Refinery  
  22  1:50  Orbital Command  
  21  1:57  Marine  
  21  1:59  Factory  
  22  2:22  SCV  
  23  2:32  Barracks Tech Lab  
  23  2:39  Supply Depot x2  
  23  3:00  SCV  
  24  3:06  Barracks Reactor  
  24  3:12  SCV  
  25  3:14  Siege Tank  
  28  3:22  Starport  
  27  3:36  Supply Depot  
  27  3:38  SCV  
  27  3:40  Command Center  
  28  3:44  Marine x2  
  30  3:52  Barracks  
  30  3:56  Engineering Bay  
  30  3:58  Barracks  
  30  4:02  Medivac  
  32  4:19  SCV  
  33  4:26  Marine x2  
  33  4:27  Supply Depot  
  35  4:31  SCV  
  36  4:42  Barracks Tech Lab  
  36  4:43  SCV  
  36  4:44  Marine  
  36  4:45  Barracks Reactor  
  38  4:55  SCV  
  39  5:07  SCV  
  40  5:42  Marine  
  40  5:43  Marine x4  
  40  5:46  Stimpack  
  40  5:48  Terran Infantry Weapons Level 1  
  45  5:52  Engineering Bay  
  45  5:56  Orbital Command  
  45  6:00  Marine  
  45  6:01  Marine x4  
  50  6:18  Marine x5  
  50  6:23  Medivac  
  57  6:36  Marine x5  
  62  6:47  SCV  
  62  6:49  SCV  
  62  6:54  Marine x5  
  64  6:59  SCV  
  70  7:09  Supply Depot  
  70  7:11  Supply Depot  
  70  7:26  Supply Depot  
  70  7:28  Supply Depot  
  70  7:31  SCV x2, Marine x5  
  70  7:33  Medivac  
  70  7:34  Supply Depot x2  
  70  7:36  Supply Depot  
  79  7:43  SCV x2  
  81  7:47  Combat Shields  
  81  7:48  Marine x5  
  86  7:55  SCV x2  
  87  8:07  SCV x2  
  84  8:19  SCV x2  
  77  8:40  Marine x5  
  82  8:45  Terran Infantry Armor Level 1  
  82  8:47  Armory  
  82  8:56  SCV  
  82  8:57  Command Center  
  82  8:58  Marine x5  
  88  9:03  Medivac  
  88  9:06  Concussive Shells  
  90  9:16  Marine x5  
  95  9:33  Medivac  
  95  9:34  Marine x5  
  102  9:47  Terran Infantry Weapons Level 2  
  102  9:49  Barracks  
  102  9:51  Barracks, Marine  
  102  9:52  Marine x4  
  87  9:53  Barracks  
  79  10:09  Marine x3  
  79  10:10  Marine x2  
  84  10:24  Medivac  
  84  10:27  Marine x5  
  93  10:43  Barracks Reactor, Command Center  
  93  10:44  Barracks Reactor x2  
  93  10:45  Marine x4  
  93  10:49  Marauder  
  97  10:53  Medivac  
  99  11:03  Marine x4  
  103  11:10  Marauder  
  103  11:20  Marine  
  103  11:21  Marine  
  104  11:32  Marauder  
  96  11:53  Marauder  
  98  11:56  Marine x10  
  98  11:59  Terran Infantry Armor Level 2  
  108  12:04  Terran Infantry Weapons Level 3  
  108  12:12  SCV  
  108  12:13  SCV x2  
  108  12:14  Marauder, Marine x10  
  123  12:19  Orbital Command  
  123  12:24  SCV  
  123  12:25  SCV x2  
  126  12:31  Marine  
  126  12:32  Marine x9  
  126  12:35  Marine  
  126  12:36  SCV  
  139  12:37  SCV x2  
  138  12:49  SCV x2, Marine x3  
  138  12:50  Marine x7  
  149  12:53  Marine  
  148  13:11  Marine  
  149  13:19  Marine x2  
  150  13:20  Marine x5  
  150  13:26  Supply Depot  
  156  13:29  Supply Depot  
  156  13:30  Supply Depot  
  156  13:34  Supply Depot  
  156  13:41  Supply Depot  
  156  13:42  Supply Depot  
  156  13:48  Marine x8  
  164  13:50  Marine x3  
  164  13:51  SCV  
  166  14:03  SCV  
  166  14:05  Marine x5  
  166  14:08  Marine x3  
  168  14:45  Marine x6  
  169  14:46  Marine x5  
  169  14:47  SCV  
  180  14:59  SCV  
  181  15:03  Marine x11  
  192  15:11  SCV  
  193  15:21  Marine x7  
Show
View Real Time Build Order
Export as new Build Order

Эвангелос Protoss 

Build Orders: Forge Fast Expand (FFE) 

Get SALT Encoding   

  12  0:04  Probe  
  13  0:21  Pylon  
  13  0:27  Assimilator  
  13  0:32  Assimilator  
  13  0:54  Forge  
  13  1:01  Gateway  
  13  1:27  Nexus  
  13  1:33  Probe  
  14  1:45  Probe  
  15  1:57  Probe  
  16  2:05  Cybernetics Core  
  16  2:09  Probe  
  17  2:23  Probe  
  18  2:35  Probe  
  18  2:36  Protoss Ground Weapons Level 1  
  19  2:47  Probe  
  19  2:49  Zealot  
  22  2:59  Probe  
  22  3:02  Warp Gate  
  23  3:10  Probe  
  24  3:16  Zealot  
  26  3:22  Probe  
  27  3:34  Probe  
  27  3:37  Assimilator  
  28  3:47  Probe  
  29  3:59  Probe  
  30  4:06  Zealot  
  32  4:11  Probe  
  33  4:23  Probe  
  34  4:33  Zealot  
  34  4:34  Pylon  
  34  4:35  Probe  
  37  4:42  Pylon  
  37  4:47  Probe  
  38  4:59  Probe  
  39  5:00  Photon Cannon, Adept  
  39  5:04  Photon Cannon  
  39  5:06  Photon Cannon  
  41  5:11  Probe  
  42  5:18  Pylon  
  42  5:25  Pylon  
  42  5:28  Adept  
  44  5:34  Protoss Ground Armor Level 1  
  44  5:45  Gateway  
  44  5:55  Zealot  
  46  6:01  Twilight Council  
  46  6:06  Stargate  
  46  6:09  Stargate  
  46  6:21  Protoss Air Weapons Level 1  
  46  6:22  Zealot  
  46  6:24  Robotics Facility  
  48  6:35  Photon Cannon  
  48  6:37  Photon Cannon  
  48  6:41  Photon Cannon  
  48  6:45  Photon Cannon  
  48  6:49  Zealot  
  48  6:52  Shield Battery  
  50  7:01  Pylon  
  50  7:28  Protoss Shields Level 1  
  50  7:34  Templar Archives  
  50  7:37  Fleet Beacon  
  50  7:41  Robotics Bay  
  27  8:15  Protoss Air Armor Level 1  
  19  8:24  Adept  
  19  8:31  Adept  
  21  8:37  Nexus  
  21  9:01  Photon Cannon  
  21  9:04  Photon Cannon  
  21  9:07  Photon Cannon  
  21  9:09  Photon Cannon  
  21  9:22  Photon Cannon  
  21  9:26  Pylon  
  21  9:32  Photon Cannon  
  21  9:34  Photon Cannon  
  21  9:37  Photon Cannon  
  21  10:11  Probe  
  22  10:17  Assimilator  
  22  10:23  Probe  
  22  10:24  Probe  
  24  10:35  Probe  
  25  10:36  Probe  
  26  10:47  Probe  
  26  10:48  Probe  
  28  10:59  Probe  
  28  11:00  Probe  
  30  11:08  Zealot  
  28  11:11  Probe  
  28  11:12  Probe, Zealot  
  31  11:28  Carrier  
  36  12:05  Photon Cannon  
  36  12:16  Photon Cannon  
  36  12:21  Photon Cannon  
  33  12:50  Adept  
  35  12:53  Zealot  
  35  13:24  Pylon  
  35  13:42  Nexus  
  5  14:27  Zealot  
  3  15:08  Probe  
  4  15:20  Probe  
Tags
 
Composition
MMM Bio
League
Silver
Matchup
ПvТ
Spawn Locations
Cross Positions
Add a new tag
Caveats
  • Supply blocks, unpowered buildings, or Contaminate may cause inaccurate times.
  • Supply counts are checked every 10 seconds.